 Dungeon Sprint DCSS version 0.32-a0-841-g4648e6c457 (webtiles) character file.

Game seed: 9871336882021912692

130 BigDaddyOpFi the Trooper (level 5, 0/43 (44) HPs)
             Began as a Coglin Monk on Mar 26, 2024.
             Was an Elder of Qazlal.
             Slain by a wight
             ... wielding a +3 flail
              (5 damage)
             ... in the Dungeon (Sprint VII: "The Pits").
             The game lasted 00:00:40 (346 turns).

BigDaddyOpFi the Trooper (Coglin Monk)               Turns: 346, Time: 00:00:40

HP:   0/43 (44)     AC:  2    Str: 13    XL:     5   Next: 14%
MP:   7/8           EV: 13    Int: 10    God:    Qazlal [****..]
Gold: 0             SH:  5    Dex: 16    Spells: 4/4 levels left

rFire   . . .        a - +0 hand axe {Busisiwe}
rCold   . . .        k - +2 hand axe (heavy) {Haurghuv}
rNeg    . . .        b - +0 robe
rPois   .            (no helmet)
rElec   .            (no cloak)
rCorr   .            (no gloves)
SInv    .            (no boots)
Will    .....        (amulet unavailable)
Stlth   +            (ring unavailable)
HPRegen 0.27/turn    (ring unavailable)
MPRegen 0.11/turn    (no gizmo)

%: no teleportation, repel missiles
@: lightly drained, revved
A: off-hand wielding, slow wielding, warmup strikes, no jewellery
a: Invent Gizmo, Renounce Religion, Upheaval, Elemental Force


You were in the Dungeon.
You worshipped Qazlal.
Qazlal was greatly pleased with you.
You visited 1 branch

Inventory:

Hand Weapons
 a - a +0 hand axe (weapon) {Busisiwe}
 k - a +2 heavy hand axe (offhand) {Haurghuv}
Armour
 b - a +0 robe (worn)
 d - an orb of light
Scrolls
 j - a scroll of blinking
 m - 2 scrolls of vulnerability
 n - 5 scrolls of amnesia
 o - a scroll of summoning
Potions
 c - a potion of ambrosia
 e - a potion of curing
 g - a potion of haste
 h - 4 potions of magic
 i - 2 potions of berserk rage
 l - 2 potions of invisibility


   Skills:
 + Level 5.3 Fighting
 + Level 5.3 Axes
 + Level 4.8 Dodging
 * Level 4.9 Invocations


You had 4 spell levels left.
You didn't know any spells.
Your spell library was empty.

Dungeon Overview and Level Annotations

Branches:
Dungeon (1/1)

Altars:
Ashenzari
Cheibriados
Dithmenos
Elyvilon
Fedhas
Gozag
Hepliaklqana
Kikubaaqudgha
Makhleb
Nemelex Xobeh
Okawaru
Qazlal
Ru
Sif Muna
Trog
Uskayaw
Vehumet
Wu Jian
Xom
Yredelemnul
Zin
The Shining One
Beogh
Jiyva
Lugonu


Innate Abilities, Weirdness & Mutations

You can wield a second weapon in your off-hand.
It takes a long time for you to wield or remove held weapons.
Your first few attacks do less damage.
You cannot equip rings or amulets.


Message History

The frilled lizard closely misses you. The wight hits you with a +3 flail!!
You feel drained.
* * * LOW HITPOINT WARNING * * *
The wight moves out of view.
You barely miss the frilled lizard with your +0 hand axe.
You closely miss the wight with your +0 hand axe.
You hit the frilled lizard with your +2 heavy hand axe.
You kill the frilled lizard!
Qazlal accepts your kill.
The storm surrounding you is now powerful enough to repel missiles.
You will now adapt resistances upon receiving elemental damage.
You closely miss the wight with your +2 heavy hand axe.
The wight completely misses you.
Unknown command.
You feel much better. The wight hits you but does no damage.
The gnoll hits you with a +0 flail!
You slash the gnoll with your +2 heavy hand axe!
The gnoll is heavily wounded.
You hit the wight with your +2 heavy hand axe.
You barely miss the gnoll with your +0 hand axe.
You barely miss the wight with your +0 hand axe.
The gnoll closely misses you. The wight hits you with a +3 flail!
You feel drained.
Unknown command.
You hit the gnoll with your +2 heavy hand axe.
The gnoll is severely wounded.
You barely miss the wight with your +2 heavy hand axe.
You hit the gnoll but do no damage.
You barely miss the wight with your +0 hand axe.
You block the gnoll's attack. The wight misses you.
The wight closely misses you. The gnoll misses you.
You hit the gnoll with your +0 hand axe.
You kill the gnoll!
Qazlal accepts your kill.
Your life force feels restored.
Unknown command.
The wight hits you with a +3 flail!
* * * LOW HITPOINT WARNING * * *
You feel drained.
You die...

##########.##........
#...........'........
#+#####)#####......#.
#..#..# #........
#..)..# ####'####
#..#### #.......#
#§.# #.......# #..#
#.......# ##@#
#...<...#
#.zz.....##.......#
#.°......##.......#
###########.......#
#########


You could see 2 wights.

Vanquished Creatures
  A scorpion (D)
  A wight (D)
  A gnoll (D)
  An ufetubus (D)
  2 orcs (D)
  A bat skeleton (D)
  A giant cockroach (D)
  2 frilled lizards (D)
10 creatures vanquished.

Notes
Turn   | Place    | Note
-------+----------+-------------------------------------------
     0 | D        | BigDaddyOpFi the Coglin Monk began the quest for the Orb.
     0 | D        | Reached XP level 1. HP: 18/18 MP: 1/1
    15 | D        | Found a bloodstained altar of Trog.
    15 | D        | Found a shimmering blue altar of Sif Muna.
    15 | D        | Found a viscous altar of Jiyva.
    15 | D        | Found a hazy altar of Hepliaklqana.
    15 | D        | Found an opulent altar of Gozag.
    16 | D        | Found a glowing golden altar of the Shining One.
    16 | D        | Found a glowing silver altar of Zin.
    16 | D        | Found a basalt altar of Yredelemnul.
    16 | D        | Found a shimmering altar of Xom.
    16 | D        | Found an ornate altar of the Wu Jian Council.
    16 | D        | Found a sacrificial altar of Ru.
    16 | D        | Found a stormy altar of Qazlal.
    16 | D        | Found an iron altar of Okawaru.
    16 | D        | Found a sparkling altar of Nemelex Xobeh.
    16 | D        | Found a burning altar of Makhleb.
    16 | D        | Found a blossoming altar of Fedhas.
    16 | D        | Found a white marble altar of Elyvilon.
    16 | D        | Found a shadowy altar of Dithmenos.
    16 | D        | Found a snail-covered altar of Cheibriados.
    18 | D        | Found a radiant altar of Vehumet.
    18 | D        | Found a corrupted altar of Lugonu.
    18 | D        | Found a roughly hewn altar of Beogh.
    19 | D        | Found a hide-covered altar of Uskayaw.
    19 | D        | Found an ancient bone altar of Kikubaaqudgha.
    19 | D        | Found a broken altar of Ashenzari.
    23 | D        | Became a worshipper of Qazlal Stormbringer
    23 | D        | Reached * piety under Qazlal
    23 | D        | Reached ** piety under Qazlal
    69 | D        | Reached skill level 1 in Invocations
    73 | D        | Noticed a scorpion
    75 | D        | Killed a scorpion
    76 | D        | Reached XP level 2. HP: 20/26 MP: 1/4
    76 | D        | Reached XP level 3. HP: 24/31 MP: 1/5
    76 | D        | Reached XP level 4. HP: 30/38 MP: 1/6
    77 | D        | Reached *** piety under Qazlal
   336 | D        | Reached skill level 5 in Fighting
   336 | D        | Reached skill level 5 in Axes
   336 | D        | Reached XP level 5. HP: 44/44 MP: 6/8
   340 | D        | Reached **** piety under Qazlal
   346 | D        | Slain by a wight

Illustrated notes

Levels and vault maps discovered:
D:        pitsprint [storerooms_1, entrance_room_1, metal_vault_2, armoury_2,
          mini_pit_1, grid_room_1, main_hall_1, silver_pit, the_coven_1,
          the_vestibule_1, steel_vault_1, golden_pit, hallway_of_sentries,
          crystal_vault_4, iron_vault_5, final_vault]

Skill      XL: |  1  2  3  4 |
---------------+-------------+-----
Dodging        | 4 |  4.8
Invocations    | 3 4 |  4.9
Fighting       | 4 5 |  5.3
Axes           | 4 5 |  5.3

Action                     |  1- 3 |  4- 6 || total
---------------------------+-------+-------++-------
  Melee: Hand axe          |     6 |    19 ||    25
    Use: Potion            |     1 |     1 ||     2
 Armour: Robe              |     5 |     8 ||    13
  Dodge: Dodged            |     5 |    13 ||    18
  Block: Other             |       |     1 ||     1

Table legend: (Time is in decaauts)
 A = Elapsed time spent in this place.
 B = Non-inter-level travel time spent in this place.
 C = Inter-level travel time spent in this place.
 D = Time resting spent in this place.
 E = Time spent auto-exploring this place.
 F = Levels seen in this place.
 G = Mean time per level.
                   A        B        C        D        E       F      G
               +--------+--------+--------+--------+--------+-----+--------+
         Total |    358 |    358 |      0 |    260 |      0 |   1 |  358.0 |
       Dungeon |    358 |    358 |      0 |    260 |      0 |   1 |  358.0 |
               +--------+--------+--------+--------+--------+-----+--------+

Top non-repeatable levels by time:
       D: 358 daAuts
